[Event "Titled Tuesday Blitz November 29 Early 2022"]
[White "Nasir, Zehn"]
[Black "Sadhwani, Raunak"]
[WhiteFideId "2613239"]
[BlackFideId "35093487"]
[WhiteElo "1993"]
[BlackElo "2656"]
[Result "0-1"]
[Round "01"]
[TimeControl "180+1"]
[Date "2022.11.30"]
[WhiteClock "0:00:27"]
[BlackClock "0:01:19"]

1. d4 e6 2. Bf4 Nf6 3. e3 b6 4. Nf3 Bb7 5. Bd3 Be7 6. Nbd2 c5 7. c3 O-O 8. O-O d6 9. e4 Nc6 10. Qe2 cxd4 11. cxd4 Nb4 12. Bc4 d5 13. exd5 Nbxd5 14. Be5 Rc8 15. Rac1 Bd6 16. Rfe1 Nf4 17. Qe3 Ng6 18. h4 Ng4 19. Qe2 Bxe5 20. Nxe5 N4xe5 21. dxe5 Nf4 22. Qg4 Nxg2 23. Ne4 Nxe1 24. Nf6+ Kh8 25. Qh5 Nf3+ 0-1


[Site "https://www.chess.com"]

[Event "Titled Tuesday Blitz November 29 Early 2022"]
[White "Nugumanov, Bakhtiyar"]
[Black "Aaditya Dhingra"]
[WhiteFideId "13701797"]
[BlackFideId "25678191"]
[WhiteElo "2287"]
[BlackElo "2054"]
[Result "0-1"]
[Round "01"]
[TimeControl "180+1"]
[Date "2022.11.30"]
[WhiteClock "0:00:01"]
[BlackClock "0:00:30"]

1. e4 g6 2. d4 Bg7 3. Nc3 d6 4. Nf3 Nf6 5. Be3 a6 6. Qd2 b5 7. Bd3 Bb7 8. a3 Nbd7 9. h4 c5 10. dxc5 dxc5 11. e5 Ng4 12. e6 Nde5 13. exf7+ Nxf7 14. h5 c4 15. hxg6 hxg6 16. Rxh8+ Nxh8 17. Be4 Bxe4 18. Nxe4 Bxb2 19. Ra2 Bg7 20. Qb4 Nxe3 21. fxe3 Qd5 22. Ned2 a5 23. Qb1 Rd8 24. e4 Qc5 25. a4 b4 26. Qd1 Bc3 27. Qe2 b3 28. Kf1 0-1


[Site "https://www.chess.com"]

[Event "Titled Tuesday Blitz November 29 Early 2022"]
[White "Odegov, Artem"]
[Black "Palacio,Igor Da Paz"]
[WhiteFideId "34183644"]
[BlackFideId "2121140"]
[WhiteElo "2298"]
[BlackElo "2126"]
[Result "1-0"]
[Round "01"]
[TimeControl "180+1"]
[Date "2022.11.30"]
[WhiteClock "0:00:05"]
[BlackClock "0:00:01"]

1. d4 Nf6 2. c4 g6 3. Nc3 Bg7 4. e4 d6 5. h3 O-O 6. Be3 Na6 7. Bd3 c5 8. d5 e6 9. Nf3 exd5 10. cxd5 Nc7 11. a4 Re8 12. O-O b6 13. Qe2 a6 14. Rae1 b5 15. Nd2 Rb8 16. Kh1 bxa4 17. Nc4 Nb5 18. Qc2 Qc7 19. Nxa4 Nd7 20. f4 Nd4 21. Bxd4 Bxd4 22. b3 Nf6 23. e5 Nxd5 24. Nxd6 Re7 25. Qd2 Bd7 26. Bc4 Nb6 27. Nxb6 Rxb6 28. Rd1 Rxd6 29. exd6 Qxd6 30. Rfe1 Rxe1+ 31. Rxe1 Bc6 32. Qe2 Kg7 33. Bd3 Qxf4 34. Be4 Qe5 35. Bxc6 1-0


[Site "https://www.chess.com"]

[Event "Titled Tuesday Blitz November 29 Early 2022"]
[White "Omariev, Maksim"]
[Black "Gabrielian, Artur"]
[WhiteFideId "4193423"]
[BlackFideId "4131002"]
[WhiteElo "2438"]
[BlackElo "2432"]
[Result "1/2-1/2"]
[Round "01"]
[TimeControl "180+1"]
[Date "2022.11.30"]
[WhiteClock "0:00:03"]
[BlackClock "0:00:13"]

1. g4 e5 2. Bg2 h5 3. d4 exd4 4. Qxd4 hxg4 5. Qxg4 Nf6 6. Qg5 d5 7. Bf4 Be6 8. Nc3 c6 9. O-O-O Ng4 10. Qxd8+ Kxd8 11. Bg3 Ke8 12. e4 dxe4 13. Nxe4 Nd7 14. Nf3 Ngf6 15. Nd6+ Bxd6 16. Bxd6 Ne4 17. Bg3 Nxg3 18. hxg3 Rxh1 19. Bxh1 Ke7 20. Ng5 Rh8 21. Nxe6 Kxe6 22. Bf3 Ne5 23. Be2 Rh2 24. Rf1 g5 25. Kd2 f5 26. Ke3 a5 27. a3 b5 28. b4 a4 29. Rd1 f4+ 30. gxf4 gxf4+ 31. Kxf4 Rxf2+ 32. Ke3 Rh2 33. c3 Rh3+ 34. Kd4 Rg3 35. Rh1 Nf7 36. Rh4 Ke7 37. Re4+ Kd6 38. Rg4 Rxg4+ 39. Bxg4 Ne5 40. Be2 Ng6 41. c4 bxc4 42. Bxc4 Ne5 43. Be2 Nd7 44. Bd1 Nb6 45. Bc2 Kc7 46. Kc5 Nd7+ 47. Kc4 Nb6+ 48. Kc5 Nd7+ 49. Kd4 Nb6 50. Bd1 Kd6 51. Bc2 Kc7 1/2-1/2


[Site "https://www.chess.com"]

[Event "Titled Tuesday Blitz November 29 Early 2022"]
[White "Oparin, Grigoriy"]
[Black "Manukyan, Sargis A."]
[WhiteFideId "24125890"]
[BlackFideId "13303970"]
[WhiteElo "2639"]
[BlackElo "2187"]
[Result "1-0"]
[Round "01"]
[TimeControl "180+1"]
[Date "2022.11.30"]
[WhiteClock "0:00:23"]
[BlackClock "0:00:04"]

1. e4 e6 2. d4 d5 3. Nc3 Bb4 4. e5 c5 5. a3 Bxc3+ 6. bxc3 Ne7 7. a4 Qc7 8. Nf3 h6 9. Bb5+ Bd7 10. Bd3 Nbc6 11. O-O cxd4 12. cxd4 Nb4 13. Ba3 Nxd3 14. cxd3 Bc6 15. Qd2 O-O 16. a5 Rfc8 17. Rfc1 Qd7 18. Bc5 Bb5 19. h4 Ng6 20. h5 Nf8 21. Nh2 Qd8 22. g3 Nh7 23. f4 f5 24. exf6 Nxf6 25. Qe2 Qe8 26. g4 b6 27. axb6 axb6 28. Bxb6 Rxc1+ 29. Rxc1 Ra3 30. Rd1 Ne4 31. Qe1 Rxd3 32. Rxd3 Bxd3 33. Qa5 Qb5 34. Qxb5 Bxb5 35. Bc7 Kf7 36. Kg2 Be2 37. Kh3 Nf2+ 38. Kh4 Ne4 39. g5 Bd1 40. Be5 Be2 41. Bb8 Bd1 42. Nf1 Nc3 43. Ne3 Bf3 44. Be5 Ne2 45. Nc2 Nc3 46. Nb4 Ne4 47. Nc6 Bd1 48. Nd8+ Ke7 49. Nb7 hxg5+ 50. fxg5 Kf7 51. g6+ Kg8 52. Nd8 Nf6 53. Bxf6 gxf6 54. Nxe6 Bf3 55. h6 Be4 56. g7 Kh7 57. Nf4 Kg8 58. Nh5 Bg6 59. Nxf6+ Kf7 60. g8=Q+ Kxf6 61. Qg7+ Kf5 62. h7 Ke4 63. Qe5+ 1-0


[Site "https://www.chess.com"]

[Event "Titled Tuesday Blitz November 29 Early 2022"]
[White "Oro, Faustino"]
[Black "Quinones Garcia, Santiago"]
[WhiteFideId "20000197"]
[BlackFideId "4408497"]
[WhiteElo "2066"]
[BlackElo "2249"]
[Result "1-0"]
[Round "01"]
[TimeControl "180+1"]
[Date "2022.11.30"]
[WhiteClock "0:00:57"]
[BlackClock "0:00:09"]

1. e4 e6 2. d4 d5 3. Nd2 c5 4. Ngf3 cxd4 5. Nxd4 Nc6 6. Nxc6 bxc6 7. Bd3 Nf6 8. Qe2 Be7 9. O-O O-O 10. Rd1 e5 11. exd5 cxd5 12. Qxe5 Bd6 13. Qd4 Re8 14. Nf1 Bg4 15. f3 Qc7 16. Kh1 Be6 17. c3 Rab8 18. Rb1 h6 19. Be3 a5 20. Qh4 Nd7 21. Bd4 Be5 22. Ne3 Bxd4 23. Qxd4 Rb7 24. Nxd5 Qc6 25. Be4 Qa6 26. Nf4 Rbb8 27. Nxe6 1-0


[Site "https://www.chess.com"]

[Event "Titled Tuesday Blitz November 29 Early 2022"]
[White "Orzech, Dominik"]
[Black "Tasev, Dejan"]
[WhiteFideId "1115065"]
[BlackFideId "936618"]
[WhiteElo "2272"]
[BlackElo "2256"]
[Result "0-1"]
[Round "01"]
[TimeControl "180+1"]
[Date "2022.11.30"]
[WhiteClock "0:00:07"]
[BlackClock "0:02:18"]

1. d4 Nf6 2. Nf3 g6 3. c4 Bg7 4. g3 O-O 5. Bg2 b6 6. O-O Bb7 7. Nc3 e6 8. Qc2 d5 9. Ne5 c6 10. Bg5 h6 11. Bf4 Nbd7 12. Rfd1 Rc8 13. Rac1 Kh7 14. h3 Nxe5 15. dxe5 Nh5 16. e4 Nxf4 17. gxf4 d4 18. c5 g5 19. Ne2 gxf4 20. Rxd4 Qg5 21. Qd2 Bxe5 22. Rd7 Ba6 23. Nd4 Rg8 24. Rxf7+ Kh8 0-1


[Site "https://www.chess.com"]

[Event "Titled Tuesday Blitz November 29 Early 2022"]
[White "Ovchinnikov, Vsevolod"]
[Black "Abasov, Nijat"]
[WhiteFideId "24176842"]
[BlackFideId "13402960"]
[WhiteElo "2376"]
[BlackElo "2546"]
[Result "0-1"]
[Round "01"]
[TimeControl "180+1"]
[Date "2022.11.30"]
[WhiteClock "0:00:03"]
[BlackClock "0:00:14"]

1. Nf3 c5 2. c4 Nc6 3. g3 g6 4. Bg2 Bg7 5. O-O e6 6. Nc3 d6 7. a3 Nge7 8. Rb1 b6 9. d3 O-O 10. Bd2 d5 11. cxd5 exd5 12. b4 c4 13. dxc4 dxc4 14. Qa4 Bb7 15. Rfd1 Qc8 16. Rbc1 Nf5 17. e3 Rd8 18. Be1 Qe6 19. Ng5 Qe8 20. Nd5 Ne5 21. Qxe8+ Rxe8 22. Nc7 Bxg2 23. Kxg2 Nd3 24. Rxc4 Nxe1+ 25. Rxe1 Rac8 26. Rec1 Rxe3 27. Nd5 Rxc4 28. Rxc4 Rd3 29. Rc8+ Bf8 30. Nf4 Rxa3 31. Nxh7 Kxh7 32. Rxf8 Kg7 33. Ra8 a5 34. bxa5 bxa5 35. Nd5 Ra2 36. Nb6 Nd6 37. Ra6 Ne4 38. Kf3 Nxf2 39. Nc4 Nd3 40. Rxa5 Rxh2 41. Ra3 Nc5 42. Re3 Kf6 43. Nd6 Ne6 44. Ne4+ Kg7 45. Nd6 Rd2 46. Nc4 Rc2 47. Ne5 Nd4+ 48. Ke4 Nf5 49. Rf3 Re2+ 50. Kf4 Nd6 51. Re3 Ra2 52. Kf3 Nf5 53. Rd3 Ra4 54. Rd7 Ra3+ 55. Kf4 Ra4+ 56. Kf3 Nh6 57. g4 Kf6 58. g5+ Kxe5 59. gxh6 Ke6 60. h7 Rh4 61. Rd8 Rxh7 62. Kg4 Rh5 63. Rf8 Rf5 0-1


[Site "https://www.chess.com"]

[Event "Titled Tuesday Blitz November 29 Early 2022"]
[White "Ozates, Tuna"]
[Black "Indjic, Aleksandar"]
[WhiteFideId "6354521"]
[BlackFideId "911925"]
[WhiteElo "2151"]
[BlackElo "2592"]
[Result "1-0"]
[Round "01"]
[TimeControl "180+1"]
[Date "2022.11.30"]
[WhiteClock "0:02:12"]
[BlackClock "0:01:56"]

1. e4 d5 2. exd5 Qxd5 3. Nc3 Qd6 4. d4 Nf6 5. Nf3 a6 6. g3 Bg4 7. Bg2 c6 8. O-O e6 9. Bf4 Qd8 10. Qd2 Bxf3 11. Bxf3 Bd6 12. Rfe1 O-O 13. Rad1 Bxf4 14. Qxf4 Nbd7 15. Ne4 Nxe4 16. Bxe4 Nf6 17. Bg2 Qb8 18. Qh4 Rd8 19. c3 Qc7 20. Re5 h6 21. g4 Qe7 22. Rde1 Nd5 23. Qg3 Qf6 24. h4 Qf4 25. Rxd5 Qxg3 26. Rxd8+ Rxd8 27. fxg3 g6 28. g5 Kg7 29. Re5 hxg5 30. hxg5 1-0


[Site "https://www.chess.com"]

[Event "Titled Tuesday Blitz November 29 Early 2022"]
[White "Papasimakopoulos, Alexandros"]
[Black "Levitan, Caleb Levi"]
[WhiteFideId "4244125"]
[BlackFideId "14332620"]
[WhiteElo "2365"]
[BlackElo "1963"]
[Result "1-0"]
[Round "01"]
[TimeControl "180+1"]
[Date "2022.11.30"]
[WhiteClock "0:00:33"]
[BlackClock "0:00:03"]

1. d4 Nf6 2. c4 e6 3. Nc3 Bb4 4. Qc2 d5 5. cxd5 Qxd5 6. Nf3 O-O 7. a3 Bxc3+ 8. bxc3 c5 9. e3 Nc6 10. Bd3 e5 11. c4 Qd6 12. d5 Ne7 13. Bb2 e4 14. Bxe4 Nxe4 15. Qxe4 Bf5 16. Qe5 Qxe5 17. Bxe5 Ng6 18. Bg3 Bd3 19. Rc1 Rfd8 20. Kd2 Be4 21. Ke2 Rac8 22. h4 b5 23. Nd2 Bxg2 24. Rh2 Bxd5 25. cxd5 Rxd5 26. Rc2 c4 27. Rh1 f5 28. h5 Ne7 29. Nb1 Rd3 30. Nc3 Nc6 31. Nxb5 a6 32. Nd6 Rd8 33. Nxc4 Ne7 34. Rb1 Kf7 35. Ne5+ Ke6 36. Nxd3 1-0


[Site "https://www.chess.com"]

[Event "Titled Tuesday Blitz November 29 Early 2022"]
[White "Papp, Levente"]
[Black "Barash, Anton"]
[WhiteFideId "751243"]
[BlackFideId "30935229"]
[WhiteElo "2380"]
[BlackElo "2303"]
[Result "1-0"]
[Round "01"]
[TimeControl "180+1"]
[Date "2022.11.30"]
[WhiteClock "0:00:05"]
[BlackClock "0:00:11"]

1. Nf3 Nf6 2. g3 g6 3. b3 Bg7 4. Bb2 O-O 5. Bg2 c5 6. c4 Nc6 7. O-O d6 8. d4 Bg4 9. d5 Nb8 10. Ne1 Qc8 11. Nc3 a6 12. a4 Bh3 13. Nd3 Qg4 14. e4 Bxg2 15. Qxg4 Nxg4 16. Kxg2 Nd7 17. Rfe1 Nde5 18. Nc1 Rfb8 19. f3 Nh6 20. f4 Nd7 21. Nd3 f5 22. exf5 Nxf5 23. g4 Nd4 24. Rxe7 Rd8 25. Ne2 Bf6 26. Re4 Nxb3 27. Rd1 Re8 28. Ng3 Na5 29. g5 Bg7 30. Rde1 Rxe4 31. Rxe4 Kf7 32. f5 Bxb2 33. Nxb2 Re8 34. f6 Nb6 35. Rh4 Kg8 36. Kf2 Re5 37. Ne4 Nc8 38. f7+ Kxf7 39. Rxh7+ Kg8 40. Nf6+ Kf8 41. Nd7+ Kg8 42. Nxe5 Kxh7 43. Ng4 Kg7 44. Ke3 Ne7 45. Nf6 Nf5+ 46. Ke4 Kf7 47. Kd3 Ke7 48. Nd1 Nb3 49. Nc3 Nbd4 50. Nce4 Nf3 51. h3 Ne5+ 52. Kc3 Ne3 53. Nd2 Nf7 54. Nfe4 Ng2 55. Kd3 Nf4+ 56. Ke3 Nxh3 57. Nf3 Nf4 58. Kxf4 Ne5 59. Nxe5 dxe5+ 60. Kxe5 1-0


[Site "https://www.chess.com"]

[Event "Titled Tuesday Blitz November 29 Early 2022"]
[White "Petrova, Irina"]
[Black "Aloma Vidal, Robert"]
[WhiteFideId "14124122"]
[BlackFideId "2260409"]
[WhiteElo "2023"]
[BlackElo "2435"]
[Result "0-1"]
[Round "01"]
[TimeControl "180+1"]
[Date "2022.11.30"]
[WhiteClock "0:00:11"]
[BlackClock "0:00:09"]

1. e4 e5 2. Nf3 Nf6 3. Nxe5 d6 4. Nf3 Nxe4 5. Bd3 Nf6 6. O-O Be7 7. Re1 O-O 8. Bf1 Bg4 9. d4 Nc6 10. Be3 Re8 11. h3 Bh5 12. c4 d5 13. Nc3 dxc4 14. g4 Bg6 15. Bxc4 Bb4 16. Rc1 a6 17. Qb3 Qd6 18. a3 Bxc3 19. Qxc3 h5 20. Nh4 Be4 21. g5 Nd5 22. Qd2 Nce7 23. Ng2 Nf5 24. Nf4 Nxf4 25. Bxf4 Qxd4 26. g6 Kh8 27. gxf7 Re7 28. Qxd4 Nxd4 29. Red1 Nf3+ 30. Kf1 b5 31. Bb3 g5 32. Bxc7 Kg7 33. Bd6 Rxf7 34. Bxf7 Kxf7 35. Rc7+ Kg6 36. Bg3 h4 37. Rd6+ Kh5 38. Rcc6 Bxc6 39. Rxc6 hxg3 40. fxg3 g4 41. hxg4+ Kxg4 42. Kf2 Ne5 43. Re6 Nd3+ 44. Ke3 Nxb2 45. Kd2 Nc4+ 46. Kc3 Nxa3 47. Kb4 Nc4 48. Rg6+ Kf5 49. g4+ Kxg6 0-1


[Site "https://www.chess.com"]

[Event "Titled Tuesday Blitz November 29 Early 2022"]
[White "Plat, Vojtech"]
[Black "Gjestemoen-VonHirsch, Andre"]
[WhiteFideId "325740"]
[BlackFideId "1539531"]
[WhiteElo "2514"]
[BlackElo "2198"]
[Result "1-0"]
[Round "01"]
[TimeControl "180+1"]
[Date "2022.11.30"]
[WhiteClock "0:00:15"]
[BlackClock "0:00:03"]

1. e4 g6 2. d4 Bg7 3. Nf3 c5 4. dxc5 Qa5+ 5. c3 Qxc5 6. Be3 Qc7 7. Bd4 Nf6 8. e5 Nd5 9. e6 Nf6 10. exf7+ Kxf7 11. Bc4+ e6 12. O-O Rf8 13. Bb3 Kg8 14. Be5 Qd8 15. Bd6 Re8 16. Nbd2 Nc6 17. Re1 b6 18. Nc4 Bb7 19. Nce5 Nxe5 20. Nxe5 Ne4 21. Bc2 Nxd6 22. Qxd6 Qg5 23. f3 Rad8 24. Rad1 Bf8 25. Qc7 Bc5+ 26. Kh1 Bc8 27. b4 Bf2 28. Re2 Be3 29. Ng4 Bf4 30. Qxa7 d5 31. Qxb6 e5 32. Nf6+ Kg7 33. Nxe8+ Rxe8 34. Qc7+ Kh6 35. g3 Be3 36. Qf7 d4 37. Qxe8 Bb7 38. Qf8+ Kh5 39. Be4 Bxe4 40. fxe4 Qg4 41. Qf1 dxc3 42. Rxe3 1-0


[Site "https://www.chess.com"]

[Event "Titled Tuesday Blitz November 29 Early 2022"]
[White "Postny, Evgeny"]
[Black "Szyszylo, Rafal"]
[WhiteFideId "2804344"]
[BlackFideId "1109626"]
[WhiteElo "2476"]
[BlackElo "1981"]
[Result "1-0"]
[Round "01"]
[TimeControl "180+1"]
[Date "2022.11.30"]
[WhiteClock "0:01:45"]
[BlackClock "0:01:14"]

1. e4 d6 2. d4 Nf6 3. Nc3 g6 4. Bg5 Bg7 5. Qd2 h6 6. Bf4 c6 7. f3 b5 8. O-O-O Qa5 9. Kb1 b4 10. Nce2 Nbd7 11. Nc1 Qb6 12. Be3 a5 13. Bd3 a4 14. Nge2 Rb8 15. f4 Ng4 16. Bg1 c5 17. e5 cxd4 18. Bxd4 Nc5 19. h3 dxe5 20. Bxc5 Qxc5 21. Bb5+ Bd7 22. Qxd7+ Kf8 23. Qd8+ 1-0


[Site "https://www.chess.com"]

[Event "Titled Tuesday Blitz November 29 Early 2022"]
[White "Praggnanandhaa R"]
[Black "Yurasova, Daria"]
[WhiteFideId "25059530"]
[BlackFideId "34146919"]
[WhiteElo "2599"]
[BlackElo "2097"]
[Result "1-0"]
[Round "01"]
[TimeControl "180+1"]
[Date "2022.11.30"]
[WhiteClock "0:00:36"]
[BlackClock "0:00:32"]

1. b3 d5 2. Bb2 Nf6 3. Nf3 e6 4. c4 c6 5. g3 Be7 6. Bg2 Nbd7 7. O-O O-O 8. d4 b6 9. Nc3 Bb7 10. Nd2 Rc8 11. e4 dxe4 12. Ndxe4 Nxe4 13. Nxe4 Nf6 14. Nc3 Qd7 15. Qe2 Rfd8 16. Rad1 Ne8 17. d5 cxd5 18. cxd5 exd5 19. Nxd5 Bxd5 20. Rxd5 Qc7 21. Re1 Bf6 22. Bh3 Rb8 23. Rd7 Qc6 24. Rxa7 Bxb2 25. Qxb2 Nf6 26. Bg2 Qd6 27. h3 h6 28. Ree7 Rf8 29. Qe2 Rbc8 30. Bf3 Rc3 31. Kg2 Qc5 32. Qe5 Qb4 33. Ra4 Qc5 34. Qxc5 Rxc5 35. Rb7 b5 36. Ra5 Rd8 37. Raxb5 Rc2 38. Rb8 Rxb8 39. Rxb8+ Kh7 40. a4 Nd7 41. Rb5 g6 42. a5 Nc5 43. Bd5 Nd3 44. Kf3 Nxf2 45. a6 Ra2 46. a7 Rxa7 47. Kxf2 1-0


[Site "https://www.chess.com"]

[Event "Titled Tuesday Blitz November 29 Early 2022"]
[White "Pranav, V"]
[Black "Bilan, Danila"]
[WhiteFideId "25060783"]
[BlackFideId "24161918"]
[WhiteElo "2430"]
[BlackElo "2173"]
[Result "1-0"]
[Round "01"]
[TimeControl "180+1"]
[Date "2022.11.30"]
[WhiteClock "0:00:31"]
[BlackClock "0:00:01"]

1. e4 c6 2. d4 d5 3. e5 c5 4. Nf3 Nc6 5. c4 e6 6. Nc3 dxc4 7. Be3 cxd4 8. Nxd4 Nxe5 9. Ndb5 Bd7 10. Bf4 Bxb5 11. Nxb5 Qa5+ 12. Nc3 Rd8 13. Qc2 Nd3+ 14. Bxd3 cxd3 15. Qd1 Bb4 16. O-O Nf6 17. Bd2 Nd5 18. Qg4 O-O 19. a3 Bxc3 20. bxc3 Nf6 21. Qh4 Qf5 22. Rfe1 Rd5 23. Rab1 b6 24. Rb4 Rfd8 25. h3 Re5 26. Rd1 Re2 27. Rd4 Rxd4 28. Qxd4 h6 29. Be3 d2 30. Bxd2 Qc2 31. Be1 Nd5 32. c4 Nf6 33. Ra1 Re4 34. Qd8+ Kh7 35. Qf8 Qxc4 36. Qxf7 1-0


[Site "https://www.chess.com"]

[Event "Titled Tuesday Blitz November 29 Early 2022"]
[White "Principe, Gerson"]
[Black "Fajdetic, Hrvoje"]
[WhiteFideId "3804550"]
[BlackFideId "14501945"]
[WhiteElo "2280"]
[BlackElo "2172"]
[Result "1-0"]
[Round "01"]
[TimeControl "180+1"]
[Date "2022.11.30"]
[WhiteClock "0:00:25"]
[BlackClock "0:00:03"]

1. Nf3 f5 2. b4 d6 3. d4 e6 4. Bb2 Nf6 5. Nbd2 d5 6. b5 Bd6 7. e3 O-O 8. c4 c6 9. a4 Qe7 10. Bd3 Ne4 11. O-O Nd7 12. a5 a6 13. bxc6 bxc6 14. Qa4 Bb7 15. Ba3 Rab8 16. Bxd6 Qxd6 17. Rac1 e5 18. cxd5 cxd5 19. Nb3 Bc6 20. Rxc6 Qb4 21. Qxb4 Rxb4 22. Nc5 Ndxc5 23. dxc5 Re8 24. Bxa6 Ra4 25. Bc8 Rxa5 26. Bxf5 Nxc5 27. Rc1 Nb3 28. Rb1 g6 29. Bd7 Re7 30. Be6+ Kg7 31. h4 e4 32. Rxb3 exf3 33. gxf3 Ra4 34. f4 d4 35. Kg2 dxe3 36. fxe3 Raa7 37. Kf3 Ra5 38. Rd3 Raa7 39. Rd5 Kh6 40. h5 Rg7 41. hxg6 hxg6 42. Rc1 g5 43. Bf5 1-0


[Site "https://www.chess.com"]

[Event "Titled Tuesday Blitz November 29 Early 2022"]
[White "Putnam, Liam"]
[Black "Tworuszka, Michal"]
[WhiteFideId "30938279"]
[BlackFideId "1117858"]
[WhiteElo "2082"]
[BlackElo "2417"]
[Result "1-0"]
[Round "01"]
[TimeControl "180+1"]
[Date "2022.11.30"]
[WhiteClock "0:01:46"]
[BlackClock "0:00:01"]

1. Nf3 d5 2. b3 c5 3. e3 Nc6 4. Bb2 Nf6 5. Bb5 e6 6. O-O Bd7 7. d3 Bd6 8. Nbd2 a6 9. Bxc6 Bxc6 10. Ne5 O-O 11. f4 Nd7 12. Nxc6 bxc6 13. Qg4 e5 14. Rae1 Qe7 15. e4 d4 16. f5 f6 17. Nc4 Bc7 18. Qf3 Nb6 19. Nd2 Qf7 20. g4 h6 21. h4 a5 22. a4 Bd8 23. Kf2 Be7 24. Rg1 Rab8 25. Bc1 Rfc8 26. Rg2 Kf8 27. Reg1 Ke8 28. Nc4 Nxc4 29. dxc4 Kd7 30. g5 fxg5 31. hxg5 hxg5 32. Bxg5 Bxg5 33. Rxg5 Rg8 34. Rg6 Rbf8 35. Qg3 Qe7 36. Rxg7 Rxg7 37. Qxg7 Rf7 38. Qg8 Qh4+ 39. Rg3 Qf4+ 40. Kg1 Qc1+ 41. Kh2 Qxc2+ 42. Kh3 Re7 43. f6 Qxe4 44. fxe7 Qh1+ 45. Kg4 Qe4+ 46. Kh5 Qh1+ 47. Kg6 Qe4+ 48. Kg7 1-0


[Site "https://www.chess.com"]

[Event "Titled Tuesday Blitz November 29 Early 2022"]
[White "Putri, Regita Desyari"]
[Black "Han, Yichen"]
[WhiteFideId "7109083"]
[BlackFideId "1054430"]
[WhiteElo "1930"]
[BlackElo "2323"]
[Result "0-1"]
[Round "01"]
[TimeControl "180+1"]
[Date "2022.11.30"]
[WhiteClock "0:00:06"]
[BlackClock "0:00:13"]

1. d4 Nf6 2. c4 e6 3. Nf3 d5 4. Nc3 a6 5. cxd5 exd5 6. Bg5 Be6 7. e3 Be7 8. Bd3 Nbd7 9. O-O h6 10. Bh4 O-O 11. Rc1 c6 12. Bb1 Re8 13. Qd3 Nf8 14. Ne5 N6d7 15. Bxe7 Qxe7 16. f4 Nxe5 17. fxe5 Bg4 18. Rf4 Bh5 19. Qd2 Bg6 20. e4 dxe4 21. Nxe4 Bxe4 22. Bxe4 Ne6 23. Rg4 Kh8 24. Bb1 Rad8 25. Rf1 Rd7 26. Qd3 Nf8 27. Qg3 g6 28. Qh3 h5 29. Rgf4 Qe6 30. Qh4 Nh7 31. Bc2 c5 32. Bb3 c4 33. Bc2 b5 34. g4 Qe7 35. g5 Qxg5+ 36. Qxg5 Nxg5 37. Kh1 Kg7 38. h4 Ne6 39. Rf6 Nxd4 40. Bb1 Re6 41. R6f4 Rxe5 42. Rd1 Ne6 43. Rxd7 Re1+ 44. Kg2 Nxf4+ 45. Kf2 Rxb1 0-1


[Site "https://www.chess.com"]

[Event "Titled Tuesday Blitz November 29 Early 2022"]
[White "Ronka, Erik"]
[Black "Martinez Alcantara, Jose Eduardo"]
[WhiteFideId "505080"]
[BlackFideId "3805662"]
[WhiteElo "2264"]
[BlackElo "2705"]
[Result "0-1"]
[Round "01"]
[TimeControl "180+1"]
[Date "2022.11.30"]
[WhiteClock "0:00:56"]
[BlackClock "0:02:16"]

1. e4 c5 2. Nf3 d6 3. d4 cxd4 4. Nxd4 Nf6 5. Nc3 Nc6 6. Nb3 g6 7. Be3 Bg7 8. f3 a5 9. a4 Be6 10. Nd4 Bd7 11. Qd2 O-O 12. O-O-O Rc8 13. g4 Ne5 14. h4 h5 15. gxh5 Nxh5 16. Rg1 Rc5 17. Be2 Nc4 18. Bxc4 Rxc4 19. b3 Rc5 20. Nde2 Qc8 21. Bxc5 Qxc5 22. Kb1 Rc8 23. Nd5 Kf8 24. Ka2 Qxc2+ 0-1


[Site "https://www.chess.com"]

[Event "Titled Tuesday Blitz November 29 Early 2022"]
[White "Roque Sola, Gisela"]
[Black "Fromm, Marius"]
[WhiteFideId "5120241"]
[BlackFideId "12993190"]
[WhiteElo "1961"]
[BlackElo "2325"]
[Result "0-1"]
[Round "01"]
[TimeControl "180+1"]
[Date "2022.11.30"]
[WhiteClock "0:00:21"]
[BlackClock "0:00:21"]

1. e4 c5 2. Nf3 d6 3. d4 cxd4 4. Nxd4 Nf6 5. Nc3 a6 6. Be2 e5 7. Nb3 Be7 8. O-O O-O 9. Kh1 Nc6 10. f4 b5 11. a3 Bb7 12. Be3 Rc8 13. Qe1 Re8 14. Qg3 exf4 15. Bxf4 Ne5 16. Rad1 Qc7 17. Nd4 Nxe4 18. Nxe4 Bxe4 19. c3 Ng6 20. Bg4 Rcd8 21. Bf5 Bf8 22. Bg5 Rb8 23. Qg4 Qb7 24. Bxe4 Qxe4 25. Qg3 Qe5 26. Qxe5 dxe5 27. Nc6 Rbc8 28. Nb4 Bxb4 29. axb4 f6 30. Be3 Red8 31. g3 Kf7 32. Kg2 Ke6 33. Kf3 Ne7 34. Bb6 Rxd1 35. Rxd1 Nd5 36. Bc5 Rc7 37. g4 Rd7 38. Ke4 Nxc3+ 0-1


[Site "https://www.chess.com"]

[Event "Titled Tuesday Blitz November 29 Early 2022"]
[White "Roque Sola, Jose Luis"]
[Black "Al-Tarboush, Ward"]
[WhiteFideId "5120390"]
[BlackFideId "7601450"]
[WhiteElo "2117"]
[BlackElo "2273"]
[Result "0-1"]
[Round "01"]
[TimeControl "180+1"]
[Date "2022.11.30"]
[WhiteClock "0:00:16"]
[BlackClock "0:02:23"]

1. c4 c5 2. Nc3 Nc6 3. Nf3 e5 4. g3 d6 5. d3 g6 6. Bg2 Bg7 7. O-O Nge7 8. Nd2 O-O 9. a3 Be6 10. Nd5 Rb8 11. Rb1 f5 12. b4 Bf7 13. bxc5 dxc5 14. Nxe7+ Qxe7 15. Bb2 Nd4 16. Nb3 b6 17. Nxd4 exd4 18. Bc1 Rbd8 19. Bf4 Rfe8 20. Re1 g5 21. Bd2 Bh5 22. Qc1 h6 23. h4 Bf6 24. hxg5 hxg5 25. Bd5+ Kg7 26. Kg2 Bxe2 27. Bf3 Bxf3+ 28. Kxf3 Qb7+ 0-1


[Site "https://www.chess.com"]

[Event "Titled Tuesday Blitz November 29 Early 2022"]
[White "Rose, Felix"]
[Black "Taboas Rodriguez, Daniel"]
[WhiteFideId "5105722"]
[BlackFideId "2208466"]
[WhiteElo "2039"]
[BlackElo "2329"]
[Result "0-1"]
[Round "01"]
[TimeControl "180+1"]
[Date "2022.11.30"]
[WhiteClock "0:00:12"]
[BlackClock "0:01:43"]

1. e4 e5 2. Nf3 Nc6 3. Bb5 Nf6 4. O-O Nxe4 5. d4 Nd6 6. dxe5 Nxb5 7. a4 d6 8. axb5 Nxe5 9. Re1 Be7 10. Nxe5 dxe5 11. Qxd8+ Bxd8 12. Rxe5+ Be6 13. Nc3 Bf6 14. Rc5 Kd7 15. Bf4 Rhc8 16. Rd1+ Ke8 17. Bxc7 Be7 18. Rh5 Rxc7 19. Rxh7 Bf8 20. Nd5 Rd7 0-1


[Site "https://www.chess.com"]

[Event "Titled Tuesday Blitz November 29 Early 2022"]
[White "Rustemov, Alexander"]
[Black "Kukreja, Sankalp"]
[WhiteFideId "4119002"]
[BlackFideId "45027676"]
[WhiteElo "2868"]
[BlackElo "2154"]
[Result "1-0"]
[Round "01"]
[TimeControl "180+1"]
[Date "2022.11.30"]
[WhiteClock "0:00:06"]
[BlackClock "0:00:09"]

1. d4 d5 2. c4 c6 3. Nc3 Nf6 4. e3 Bf5 5. cxd5 cxd5 6. Qb3 e6 7. Qxb7 Nbd7 8. Nf3 Rb8 9. Qxa7 Bb4 10. Bd2 O-O 11. Qa4 Qe7 12. Be2 Nb6 13. Qd1 Rfc8 14. O-O Bd6 15. b3 Ne4 16. Nb5 Nxd2 17. Nxd2 Bb4 18. a3 Bc2 19. Qe1 Bxd2 20. Qxd2 Bxb3 21. Rfc1 Bc4 22. a4 Ra8 23. Bxc4 Nxc4 24. Qc3 Qd8 25. Qb4 Qa5 26. Rcb1 g6 27. Qxa5 Rxa5 28. h3 Nb6 29. Rb4 Rca8 30. Nc3 Nc4 31. Rab1 Kg7 32. Rb7 Rc8 33. Rb8 Rc7 34. R1b7 Rc6 35. Rd8 Nxe3 36. fxe3 Rxc3 37. Rdd7 Rc1+ 38. Kf2 Rxa4 39. Rxf7+ Kh6 40. h4 Ra2+ 41. Kg3 g5 42. Rf6+ Kh5 43. Rxh7# 1-0


[Site "https://www.chess.com"]